[Event "10th Sharjah Cup Women 2020"]
[Site "Sharjah"]
[Date "2020.01.05"]
[Round "2.12"]
[White "Abdulla, Khayala"]
[Black "Al-Fayyadh, Zainab Asif Abdulah"]
[Result "1-0"]
[ECO "C44"]
[WhiteElo "2275"]
[BlackElo "1646"]
[Annotator "ChessBase"]
[PlyCount "71"]
[EventDate "2020.01.04"]
[EventType "swiss"]
[EventCountry "UAE"]
[SourceTitle "playchess.com"]
[Source "ChessBase"]
[SourceQuality "1"]
[TimeControl "5400+30"]

1. e4 e5 2. Nf3 Nc6 3. c3 Nf6 4. d4 d6 5. Bd3 Bg4 6. d5 Ne7 7. h3 Bh5 8. Bg5 Nc8 9. Bb5+ Ke7 10. Nbd2 a6 11. Ba4 b5 12. Bc2 Nb6 13. Bxf6+ gxf6 14. Nf1 Rg8 15. Ng3 Bg6 16. Nh4 Kd7 17. Qg4+ Ke8 18. O-O Qd7 19. Nhf5 Nc8 20. Nh5 Be7 21. a4 Kf8 22. Qh4 Bxf5 23. exf5 bxa4 24. Nxf6 Bxf6 25. Qxf6 Nb6 26. Qh6+ Ke8 27. Qxh7 Ke7 28. f6+ Kxf6 29. f4 e4 30. Qh6+ Rg6 31. Qh4+ Kg7 32. f5 Rh8 33. Qxe4 Rg5 34. Rf3 Qb5 35. h4 Rgh5 36. f6+ 1-0

[Event "10th Sharjah Cup Women 2020"]
[Site "Sharjah"]
[Date "2020.01.05"]
[Round "2.13"]
[White "Mariam, Essa"]
[Black "Kubicka, Anna"]
[Result "0-1"]
[ECO "A08"]
[WhiteElo "1560"]
[BlackElo "2258"]
[Annotator "NA"]
[PlyCount "34"]
[EventDate "2020.01.04"]
[EventType "swiss"]
[EventCountry "UAE"]
[SourceTitle "playchess.com"]
[Source "ChessBase"]
[SourceQuality "1"]
[TimeControl "5400+30"]

1. Nf3 d5 2. g3 c5 3. Bg2 Nc6 4. O-O Nf6 5. c4 d4 6. e3 e5 7. exd4 cxd4 8. Nxe5 Nxe5 9. Re1 Bd6 10. f4 d3 11. Bf3 h5 12. fxe5 Bc5+ 13. Kg2 Ng4 14. e6 Bxe6 15. Qa4+ Kf8 16. Nc3 h4 17. b4 Qd4 0-1

[Event "10th Sharjah Cup Women 2020"]
[Site "Sharjah"]
[Date "2020.01.05"]
[Round "2.14"]
[White "Nguyen, Thi Mai Hung"]
[Black "Yasmin, Ali"]
[Result "1-0"]
[ECO "D02"]
[WhiteElo "2254"]
[BlackElo "1527"]
[Annotator "ChessBase"]
[PlyCount "77"]
[EventDate "2020.01.04"]
[EventType "swiss"]
[EventCountry "UAE"]
[SourceTitle "playchess.com"]
[Source "ChessBase"]
[SourceQuality "1"]
[TimeControl "5400+30"]

1. d4 d5 2. Nf3 Nf6 3. g3 e6 4. Bg2 c5 5. O-O Nc6 6. c4 cxd4 7. Nxd4 Bc5 8. Nb3 Be7 9. cxd5 Nxd5 10. Bd2 O-O 11. Nc3 Nb6 12. Ne4 e5 13. Rc1 Nd5 14. Nec5 b6 15. Be1 bxc5 16. Qxd5 Bb7 17. Qxd8 Rfxd8 18. e3 Rac8 19. Nxc5 Ba8 20. Nb3 f5 21. Bc3 Bf6 22. Rfd1 Kf7 23. Rxd8 Rxd8 24. Na5 Ne7 25. Bxa8 Rxa8 26. Nc4 e4 27. Bxf6 Kxf6 28. Rd1 Rc8 29. b3 g6 30. Rd6+ Kg5 31. Rd7 Nc6 32. Nd6 Rb8 33. Rxh7 Nb4 34. Rxa7 Nd3 35. Rb7 Ra8 36. a4 Ra6 37. Nc4 Rc6 38. a5 Rc8 39. Rb6 1-0

[Event "10th Sharjah Cup Women 2020"]
[Site "Sharjah"]
[Date "2020.01.05"]
[Round "2.15"]
[White "Al Ali, Aisha Saif"]
[Black "Smirnova, Ekaterina"]
[Result "0-1"]
[ECO "C00"]
[WhiteElo "1499"]
[BlackElo "2249"]
[Annotator "ChessBase"]
[PlyCount "80"]
[EventDate "2020.01.04"]
[EventType "swiss"]
[EventCountry "UAE"]
[SourceTitle "playchess.com"]
[Source "ChessBase"]
[SourceQuality "1"]
[TimeControl "5400+30"]

1. e4 e6 2. d4 d5 3. Bd3 c5 4. exd5 exd5 5. Nf3 c4 6. Be2 Nf6 7. b3 cxb3 8. axb3 Nc6 9. O-O Bd6 10. Re1 O-O 11. Bg5 h6 12. Bh4 g5 13. Bg3 Bxg3 14. hxg3 Ne4 15. c4 g4 16. Nfd2 Nxf2 17. Kxf2 Qf6+ 18. Nf3 gxf3 19. Bxf3 Nxd4 20. Nd2 Nxf3 21. gxf3 dxc4 22. Nxc4 Be6 23. Ne5 Rfd8 24. Qe2 Bxb3 25. Qe3 Qb6 26. Qxb6 axb6 27. Rxa8 Rxa8 28. Nd7 b5 29. Rb1 Ra2+ 30. Kg1 Bc4 31. Nc5 Kf8 32. f4 Ke7 33. Nxb7 Kd7 34. Nc5+ Kc6 35. Ne4 f5 36. Nf6 Kc5 37. Nd7+ Kd4 38. Ne5 h5 39. Nf3+ Kc3 40. Kh1 Bd5 0-1

[Event "10th Sharjah Cup Women 2020"]
[Site "Sharjah"]
[Date "2020.01.05"]
[Round "2.16"]
[White "Bykova, Anastasia"]
[Black "Alazmi, Aeshah"]
[Result "1-0"]
[ECO "D06"]
[WhiteElo "2247"]
[BlackElo "1490"]
[Annotator "ChessBase"]
[PlyCount "107"]
[EventDate "2020.01.04"]
[EventType "swiss"]
[EventCountry "UAE"]
[SourceTitle "playchess.com"]
[Source "ChessBase"]
[SourceQuality "1"]
[TimeControl "5400+30"]

1. d4 d5 2. c4 Nf6 3. Nf3 Nc6 4. cxd5 Qxd5 5. Nc3 Qa5 6. Bd2 e6 7. e3 Bd6 8. Ne4 Bb4 9. Nxf6+ gxf6 10. a3 Bxd2+ 11. Nxd2 e5 12. Bc4 Be6 13. b4 Qb6 14. d5 Bd7 15. dxc6 Be6 16. Bxe6 fxe6 17. cxb7 Qxb7 18. Qf3 O-O-O 19. Qxb7+ Kxb7 20. Ke2 f5 21. Nb3 Kb6 22. Rhd1 Rd6 23. Nc5 Kc6 24. Rac1 Kb5 25. Rxd6 cxd6 26. Nxe6 Ka4 27. Rc3 d5 28. Nc5+ Kb5 29. Nd7 Ka4 30. Nxe5 Rd8 31. Nf3 a5 32. bxa5 Kxa5 33. Nd4 Rd6 34. Nxf5 Rb6 35. Rc5+ Ka4 36. Rxd5 Kxa3 37. g4 Rb4 38. Rd3+ Ka4 39. Rd4 Kb5 40. Rxb4+ Kxb4 41. e4 Kc4 42. e5 Kd5 43. f4 Ke4 44. e6 Kxf4 45. e7 Kxg4 46. e8=Q Kxf5 47. Kf3 Kg5 48. Qe5+ Kg6 49. Kg4 h6 50. Qe6+ Kh7 51. Kh5 Kg7 52. Qe7+ Kh8 53. Kg6 Kg8 54. Qg7# 1-0

[Event "10th Sharjah Cup Women 2020"]
[Site "Sharjah"]
[Date "2020.01.05"]
[Round "2.17"]
[White "Al-Shamsi, Ousha"]
[Black "Gevorgyan, Irina"]
[Result "0-1"]
[ECO "B50"]
[WhiteElo "1484"]
[BlackElo "2216"]
[Annotator "ChessBase"]
[PlyCount "56"]
[EventDate "2020.01.04"]
[EventType "swiss"]
[EventCountry "UAE"]
[SourceTitle "playchess.com"]
[Source "ChessBase"]
[SourceQuality "1"]
[TimeControl "5400+30"]

1. e4 c5 2. Nf3 d6 3. c3 Nf6 4. Be2 g6 5. O-O Bg7 6. Re1 O-O 7. Bf1 Nc6 8. d4 cxd4 9. cxd4 Bg4 10. d5 Ne5 11. Be2 Bxf3 12. Bxf3 Rc8 13. Bd2 Nd3 14. Rf1 Nxb2 15. Qb3 Nc4 16. Bc3 Qb6 17. Nd2 Nxd2 18. Bxd2 Nd7 19. Rac1 Bd4 20. Qxb6 Nxb6 21. Rxc8 Rxc8 22. Rc1 Rxc1+ 23. Bxc1 Kg7 24. Kf1 Na4 25. Bd1 Nc5 26. Ke2 Nxe4 27. Kd3 Nxf2+ 28. Kxd4 Nxd1 0-1

[Event "10th Sharjah Cup Women 2020"]
[Site "Sharjah"]
[Date "2020.01.05"]
[Round "2.19"]
[White "Kanter, Elizaveta"]
[Black "Kiolbasa, Oliwia"]
[Result "0-1"]
[ECO "C54"]
[WhiteElo "1411"]
[BlackElo "2196"]
[Annotator "ChessBase"]
[PlyCount "42"]
[EventDate "2020.01.04"]
[EventType "swiss"]
[EventCountry "UAE"]
[SourceTitle "playchess.com"]
[Source "ChessBase"]
[SourceQuality "1"]
[TimeControl "5400+30"]

1. e4 e5 2. Nf3 Nc6 3. Bc4 Bc5 4. c3 Nf6 5. d3 O-O 6. O-O d6 7. b4 Bb6 8. a4 a5 9. b5 Ne7 10. h3 Ng6 11. Re1 Be6 12. Bxe6 fxe6 13. Qb3 Qe7 14. d4 Nh5 15. Ba3 Rxf3 16. gxf3 Nhf4 17. Kh2 Qh4 18. Qxe6+ Nxe6 19. Kg1 Nef4 20. Nd2 Qg5+ 21. Kf1 Qg2# 0-1

[Event "10th Sharjah Cup Women 2020"]
[Site "Sharjah"]
[Date "2020.01.05"]
[Round "2.20"]
[White "Drljevic, Ljilja"]
[Black "Alsalti, Rania"]
[Result "1-0"]
[ECO "C20"]
[WhiteElo "2193"]
[BlackElo "1435"]
[Annotator "ChessBase"]
[PlyCount "61"]
[EventDate "2020.01.04"]
[EventType "swiss"]
[EventCountry "UAE"]
[SourceTitle "playchess.com"]
[Source "ChessBase"]
[SourceQuality "1"]
[TimeControl "5400+30"]

1. e4 e5 2. d4 d6 3. dxe5 dxe5 4. Qxd8+ Kxd8 5. Nd2 Nf6 6. Ngf3 Bd6 7. a3 Nc6 8. b3 Bg4 9. Bb2 Bxf3 10. gxf3 Kd7 11. Nc4 Rad8 12. Bh3+ Ke7 13. f4 Nxe4 14. f3 Nc5 15. fxe5 b5 16. exd6+ cxd6 17. Ne3 Rhe8 18. Rg1 g6 19. Nd5+ Kf8+ 20. Kf2 Ne5 21. Rad1 a6 22. Nf6 Re7 23. b4 Ne6 24. Nxh7+ Kg7 25. Bxe6 Rxe6 26. Ng5 Ree8 27. f4 f6 28. fxe5 fxg5 29. exd6+ Kh6 30. Rd3 Re6 31. Rh3# 1-0

[Event "10th Sharjah Cup Women 2020"]
[Site "Sharjah"]
[Date "2020.01.05"]
[Round "2.21"]
[White "Amal Fadel S M Alshamsi"]
[Black "Pujari, Rucha"]
[Result "0-1"]
[ECO "C47"]
[WhiteElo "1403"]
[BlackElo "2187"]
[Annotator "ChessBase"]
[PlyCount "88"]
[EventDate "2020.01.04"]
[EventType "swiss"]
[EventCountry "UAE"]
[SourceTitle "playchess.com"]
[Source "ChessBase"]
[SourceQuality "1"]
[TimeControl "5400+30"]

1. e4 e5 2. Nf3 Nc6 3. Nc3 Nf6 4. d4 exd4 5. Nxd4 Bb4 6. Nxc6 bxc6 7. Bd3 d5 8. exd5 cxd5 9. O-O O-O 10. Bg5 c6 11. Qf3 Be7 12. h3 Rb8 13. b3 Be6 14. Rad1 h6 15. Bf4 Rb4 16. Ne2 c5 17. Ng3 Bd6 18. Bxd6 Qxd6 19. Ne2 Qe5 20. a3 Rb6 21. Ng3 g6 22. Rfe1 Qg5 23. Qe3 Qxe3 24. Rxe3 h5 25. Rde1 Kg7 26. Ne2 c4 27. bxc4 dxc4 28. Be4 Nxe4 29. Rxe4 Bf5 30. Rxc4 Re8 31. Kf1 Rbe6 32. g4 hxg4 33. hxg4 Be4 34. Nf4 R6e7 35. Re3 g5 36. Nh5+ Kg6 37. Ra4 Re6 38. Rxa7 Bxc2 39. Rxe6+ Rxe6 40. f4 Rb6 41. f5+ Bxf5 42. gxf5+ Kxh5 43. Rxf7 Kg4 44. a4 Kf3 0-1

[Event "10th Sharjah Cup Women 2020"]
[Site "Sharjah"]
[Date "2020.01.05"]
[Round "2.22"]
[White "Babayan, Armine"]
[Black "Al-Moaamari, Mozah"]
[Result "1-0"]
[ECO "B34"]
[WhiteElo "2186"]
[BlackElo "1395"]
[Annotator "ChessBase"]
[PlyCount "85"]
[EventDate "2020.01.04"]
[EventType "swiss"]
[EventCountry "UAE"]
[SourceTitle "playchess.com"]
[Source "ChessBase"]
[SourceQuality "1"]
[TimeControl "5400+30"]

1. e4 c5 2. Nf3 Nc6 3. d4 cxd4 4. Nxd4 g6 5. Nc3 Bg7 6. Be3 Nf6 7. Be2 O-O 8. Qd2 a6 9. O-O-O Re8 10. h4 Qc7 11. h5 b5 12. f4 e6 13. Nxc6 dxc6 14. e5 Nd5 15. Bc5 a5 16. Ne4 b4 17. g3 Ba6 18. Bf3 Red8 19. Qh2 h6 20. hxg6 fxg6 21. Qh3 Bc8 22. Nd6 a4 23. Nxc8 Qxc8 24. Bxd5 exd5 25. Qxc8 Raxc8 26. Bxb4 Kf7 27. Bd6 Ke6 28. Rdf1 Rd7 29. g4 Rf7 30. Rf3 Ra8 31. Rhf1 Kd7 32. f5 g5 33. e6+ Kxd6 34. exf7 Rb8 35. f6 Bf8 36. Re1 Rb7 37. Re7 Rxe7 38. fxe7 Kxe7 39. b3 a3 40. b4 Kd7 41. c3 Kc7 42. Kc2 Kb6 43. Re3 1-0

[Event "10th Sharjah Cup Women 2020"]
[Site "Sharjah"]
[Date "2020.01.05"]
[Round "2.23"]
[White "Al-Hammadi, Maryam Hussein"]
[Black "Michelle Catherina, P."]
[Result "0-1"]
[ECO "C55"]
[WhiteElo "1387"]
[BlackElo "2143"]
[Annotator "ChessBase"]
[PlyCount "38"]
[EventDate "2020.01.04"]
[EventType "swiss"]
[EventCountry "UAE"]
[SourceTitle "playchess.com"]
[Source "ChessBase"]
[SourceQuality "1"]
[TimeControl "5400+30"]

1. e4 e5 2. Nf3 Nc6 3. Bc4 Nf6 4. O-O Nxe4 5. Bb5 Be7 6. Bxc6 dxc6 7. Nxe5 O-O 8. d3 Nf6 9. Nc3 Bd6 10. Nc4 Bg4 11. Qd2 Be7 12. h3 Be6 13. Ne5 Re8 14. Re1 Bc5 15. Qd1 Qd4 16. Re2 Bxh3 17. Nf3 Qg4 18. Rxe8+ Rxe8 19. g3 Qxg3+ 0-1

[Event "10th Sharjah Cup Women 2020"]
[Site "Sharjah"]
[Date "2020.01.06"]
[Round "3.4"]
[White "Suleimanova, Ava"]
[Black "Gong, Qianyun"]
[Result "0-1"]
[ECO "C00"]
[WhiteElo "2213"]
[BlackElo "2371"]
[Annotator "RC"]
[PlyCount "60"]
[EventDate "2020.01.04"]
[EventType "swiss"]
[EventCountry "UAE"]
[SourceTitle "playchess.com"]
[Source "ChessBase"]
[SourceQuality "1"]
[TimeControl "5400+30"]

1. e4 e6 2. d4 d5 3. Bd3 c5 4. exd5 exd5 5. Nf3 Nc6 6. O-O c4 7. Be2 Bf5 8. b3 cxb3 9. axb3 Bd6 10. c4 Nge7 11. cxd5 Nxd5 12. Bc4 Bb4 13. Bg5 f6 14. Bd2 O-O 15. Nh4 Be6 16. Re1 Qd7 17. Bxb4 Ncxb4 18. Qd2 Bf7 19. Nc3 Nxc3 20. Qxc3 a5 21. Rad1 Bd5 22. Qf3 g6 23. Qf4 Kg7 24. Re3 Rae8 25. Rh3 Re4 26. Qd2 Rfe8 27. f3 Re3 28. Qc1 g5 29. Bb5 Bc6 30. Bxc6 bxc6 0-1

[Event "10th Sharjah Cup Women 2020"]
[Site "Sharjah"]
[Date "2020.01.06"]
[Round "3.5"]
[White "Zimina, Olga"]
[Black "Bykova, Anastasia"]
[Result "1-0"]
[ECO "A06"]
[WhiteElo "2367"]
[BlackElo "2247"]
[Annotator "ChessBase"]
[PlyCount "143"]
[EventDate "2020.01.04"]
[EventType "swiss"]
[EventCountry "UAE"]
[SourceTitle "playchess.com"]
[Source "ChessBase"]
[SourceQuality "1"]
[TimeControl "5400+30"]

1. Nf3 d5 2. c4 c6 3. e3 Nf6 4. Nc3 Bg4 5. Qb3 Qb6 6. cxd5 Qxb3 7. axb3 Bxf3 8. gxf3 Nxd5 9. Nxd5 cxd5 10. d4 Nc6 11. Bd2 e6 12. Ra4 Bd6 13. b4 Kd7 14. b5 Ne7 15. Bd3 b6 16. Ke2 Kc7 17. h4 h5 18. e4 Kb7 19. f4 g6 20. f3 Rae8 21. Kf2 Rhg8 22. Rha1 Bb8 23. Bb4 Nc8 24. Ke3 Bc7 25. Bc2 Bd8 26. Be1 Bf6 27. Bb3 Rd8 28. Bf2 Rd7 29. Bc2 Re8 30. Ke2 Kb8 31. Kf1 Red8 32. f5 exf5 33. Bg3+ Kb7 34. exf5 g5 35. hxg5 Bxg5 36. f6 Bxf6 37. Bf5 Re7 38. Bf4 Ka8 39. Rc1 Nd6 40. Rc6 Nxf5 41. Rxf6 Ng7 42. Rxb6 Re6 43. Rba6 Rxa6 44. bxa6 Ne6 45. Be5 Rc8 46. Rb4 Nc7 47. Ra4 Ne6 48. Ra5 f6 49. Bxf6 Rf8 50. Be5 Rxf3+ 51. Kg1 Rb3 52. Rxd5 Rxb2 53. Rd6 Rb6 54. d5 Rxd6 55. Bxd6 Ng5 56. Bc7 h4 57. d6 Nf3+ 58. Kg2 Ne5 59. Kh3 Nd7 60. Kxh4 Nc5 61. Kh3 Nd7 62. Kg4 Nc5 63. Kf5 Nd7 64. Ke6 Nc5+ 65. Ke7 Nd7 66. Ba5 Ne5 67. Bc3 Nc6+ 68. Kd7 Nb8+ 69. Kc8 Nc6 70. d7 Ne7+ 71. Kc7 Nd5+ 72. Kd6 1-0

[Event "10th Sharjah Cup Women 2020"]
[Site "Sharjah"]
[Date "2020.01.06"]
[Round "3.6"]
[White "Kiolbasa, Oliwia"]
[Black "Khukhashvili, Sopiko"]
[Result "1/2-1/2"]
[ECO "E06"]
[WhiteElo "2196"]
[BlackElo "2343"]
[Annotator "NA RC"]
[PlyCount "78"]
[EventDate "2020.01.04"]
[EventType "swiss"]
[EventCountry "UAE"]
[SourceTitle "playchess.com"]
[Source "ChessBase"]
[SourceQuality "1"]
[TimeControl "5400+30"]

1. d4 d5 2. c4 e6 3. Nf3 Be7 4. g3 Nf6 5. Bg2 O-O 6. O-O c6 7. Qc2 b6 8. Rd1 Ba6 9. b3 Nbd7 10. Bf4 Rc8 11. Nc3 {[%emt 0:01:51] E15: Queen's Indian: 4 g3 sidelines, 4 g3 Ba6 and 4 g3 Bb7 early deviations} c5 ({Black should play} 11... Nh5 $11) (11... h6 12. e4 dxc4 13. Nd2 b5 14. bxc4 bxc4 15. Na4 g5 16. Be3 Ng4 17. Nf1 Qc7 18. Bd2 c5 19. d5 Nde5 20. h3 Nf6 {½-½ (72) Bareev,E (2666)-Vidit,S (2711) Batumi 2018}) 12. cxd5 cxd4 13. Nxd4 Nxd5 14. Bxd5 exd5 15. Qb2 $1 Nc5 {[%emt 0:01:36] [#]} 16. Be5 $146 ({Predecessor:} 16. b4 $1 $16 Ne6 {1-0 (36) Askerov,M (2281)-Lagunow,R (2357) Mamaia 2017}) 16... Bf6 17. Bxf6 Qxf6 18. Nxd5 Qe5 19. Nb4 Bb7 20. Nd3 Qe4 21. f3 Qe3+ 22. Kg2 Rfe8 23. Nf2 Qe5 24. Qd2 Ne6 25. Nxe6 Rxe6 {[%emt 0:01:31] [#]} 26. Rac1 $1 Rce8 27. Rc2 h5 28. Qd4 (28. e4 $16) 28... Qxd4 29. Rxd4 Rxe2 30. Rxe2 Rxe2 31. Rd8+ Kh7 32. Rd7 {[%emt 0:00:42] Double Attack} Ba6 33. a4 Rb2 34. Rxa7 Be2 $14 35. Rxf7 Rxb3 36. h4 Rb2 37. Rf4 Ra2 38. Rb4 Ra3 39. Rf4 Ra2 1/2-1/2

[Event "10th Sharjah Cup Women 2020"]
[Site "Sharjah"]
[Date "2020.01.06"]
[Round "3.7"]
[White "Pujari, Rucha"]
[Black "Rapport, Jovana"]
[Result "1/2-1/2"]
[ECO "A45"]
[WhiteElo "2187"]
[BlackElo "2333"]
[Annotator "ChessBase"]
[PlyCount "99"]
[EventDate "2020.01.04"]
[EventType "swiss"]
[EventCountry "UAE"]
[SourceTitle "playchess.com"]
[Source "ChessBase"]
[SourceQuality "1"]
[TimeControl "5400+30"]

1. d4 Nf6 2. g3 c5 3. d5 b5 4. Bg2 d6 5. a4 b4 6. c4 g6 7. b3 Bg7 8. Bb2 O-O 9. Nd2 a5 10. Qc2 Ra7 11. e4 e6 12. Ne2 exd5 13. cxd5 Re8 14. Nc4 Rae7 15. Bxf6 Bxf6 16. Rd1 Bg7 17. O-O Ba6 18. f4 Bxc4 19. Qxc4 Nd7 20. h3 Kh8 21. g4 Qb6 22. Kh1 Ra8 23. e5 Qa6 24. Qc2 Rc8 25. Ng3 dxe5 26. f5 c4 27. d6 Ree8 28. Ne4 f6 29. fxg6 cxb3 30. Qxb3 Qc4 31. Qxc4 Rxc4 32. g5 hxg6 33. gxf6 Bh6 34. Rd5 b3 35. Rb5 Rb8 36. Rxb8+ Nxb8 37. f7 Nd7 38. Rb1 Kg7 39. Rxb3 Rc1+ 40. Kh2 Bf4+ 41. Ng3 Kxf7 42. Bd5+ Kf6 43. Kg2 Nc5 44. Ne4+ Nxe4 45. Bxe4 Ke6 46. Rd3 Rc2+ 47. Kf3 Rh2 48. Kg4 Rd2 49. Rxd2 Bxd2 50. Bxg6 1/2-1/2

[Event "10th Sharjah Cup Women 2020"]
[Site "Sharjah"]
[Date "2020.01.06"]
[Round "3.8"]
[White "Dordzhieva, Dinara"]
[Black "Drljevic, Ljilja"]
[Result "1-0"]
[ECO "E97"]
[WhiteElo "2326"]
[BlackElo "2193"]
[Annotator "ChessBase"]
[PlyCount "89"]
[EventDate "2020.01.04"]
[EventType "swiss"]
[EventCountry "UAE"]
[SourceTitle "playchess.com"]
[Source "ChessBase"]
[SourceQuality "1"]
[TimeControl "5400+30"]

1. d4 d6 2. Nf3 Nf6 3. c4 g6 4. Nc3 Bg7 5. e4 O-O 6. Be2 e5 7. O-O Nc6 8. d5 Ne7 9. Bg5 h6 10. Bd2 Nh7 11. Qc2 f5 12. exf5 Nxf5 13. Ne4 g5 14. h3 Nf6 15. Bc3 Bd7 16. Rae1 Nxe4 17. Qxe4 Ne7 18. Bd3 Bf5 19. Qe2 Ng6 20. Bxf5 Rxf5 21. g3 Qd7 22. Nd2 Raf8 23. Kg2 Qf7 24. Ne4 Rf3 25. Nd2 Rf5 26. Rd1 Qd7 27. Qg4 Qf7 28. Ne4 h5 29. Qe2 b6 30. Kg1 h4 31. Bd2 Qe7 32. Qg4 Bh6 33. b4 Kh7 34. Be3 Nf4 35. Rfe1 Qf7 36. Kh2 Nh5 37. c5 Qg6 38. cxd6 cxd6 39. gxh4 gxh4 40. Rg1 Qxg4 41. hxg4 Bxe3 42. gxf5 Bd4 43. Rg5 Nf4 44. Rdg1 a5 45. R1g4 1-0

[Event "10th Sharjah Cup Women 2020"]
[Site "Sharjah"]
[Date "2020.01.06"]
[Round "3.9"]
[White "Michelle Catherina, P."]
[Black "Heinemann, Josefine"]
[Result "1-0"]
[ECO "B90"]
[WhiteElo "2143"]
[BlackElo "2317"]
[Annotator "ChessBase"]
[PlyCount "73"]
[EventDate "2020.01.04"]
[EventType "swiss"]
[EventCountry "UAE"]
[SourceTitle "playchess.com"]
[Source "ChessBase"]
[SourceQuality "1"]
[TimeControl "5400+30"]

1. e4 c5 2. Nf3 d6 3. d4 cxd4 4. Nxd4 Nf6 5. Nc3 a6 6. h3 e6 7. g4 h6 8. Bg2 Be7 9. Be3 Nc6 10. f4 Nd7 11. O-O O-O 12. Nce2 Nxd4 13. Qxd4 Rb8 14. Qd2 b5 15. Rad1 Qc7 16. f5 Bb7 17. Ng3 Nf6 18. Bxh6 gxh6 19. Qxh6 Qc5+ 20. Kh1 Qe5 21. g5 Nh7 22. f6 Qxg5 23. Qxg5+ Nxg5 24. fxe7 Rfe8 25. Rf4 Nh7 26. Rg4+ Kh8 27. Rxd6 Rxe7 28. Nh5 Rc7 29. e5 Bxg2+ 30. Rxg2 a5 31. Rgd2 Ng5 32. Nf6 Kg7 33. Rg2 Kh6 34. Rd3 Rc4 35. Rdg3 Ne4 36. Ng8+ Kh5 37. Rg7 1-0

[Event "10th Sharjah Cup Women 2020"]
[Site "Sharjah"]
[Date "2020.01.06"]
[Round "3.10"]
[White "Li, Xueyi"]
[Black "Babayan, Armine"]
[Result "1-0"]
[ECO "A05"]
[WhiteElo "2307"]
[BlackElo "2186"]
[Annotator "ChessBase"]
[PlyCount "65"]
[EventDate "2020.01.04"]
[EventType "swiss"]
[EventCountry "UAE"]
[SourceTitle "playchess.com"]
[Source "ChessBase"]
[SourceQuality "1"]
[TimeControl "5400+30"]

1. Nf3 Nf6 2. d4 d6 3. g3 c6 4. Bg2 Nbd7 5. O-O e5 6. c4 e4 7. Ng5 d5 8. cxd5 cxd5 9. Nc3 h6 10. Nh3 g5 11. f3 Nb6 12. fxe4 Nxe4 13. Qb3 Nxc3 14. bxc3 Be6 15. Nf2 Qc7 16. a4 Rc8 17. a5 Nc4 18. e4 dxe4 19. Nxe4 Be7 20. Qd1 f5 21. Qh5+ Bf7 22. Qf3 Bg6 23. Nf2 Nxa5 24. Re1 Kf8 25. Qd5 b6 26. Rxe7 Kxe7 27. Ba3+ Kf6 28. Bd6 Bf7 29. Qe5+ Kg6 30. Bxc7 Rhe8 31. Qd6+ Re6 32. Qd7 Rce8 33. Be5 1-0

[Event "10th Sharjah Cup Women 2020"]
[Site "Sharjah"]
[Date "2020.01.06"]
[Round "3.11"]
[White "Soyunlu, Narmin"]
[Black "Abdulla, Khayala"]
[Result "1/2-1/2"]
[ECO "A46"]
[WhiteElo "2020"]
[BlackElo "2275"]
[Annotator "ChessBase"]
[PlyCount "33"]
[EventDate "2020.01.04"]
[EventType "swiss"]
[EventCountry "UAE"]
[SourceTitle "playchess.com"]
[Source "ChessBase"]
[SourceQuality "1"]
[TimeControl "5400+30"]

1. d4 Nf6 2. Nf3 e6 3. Bf4 d5 4. e3 Bd6 5. Bg3 O-O 6. Nbd2 c5 7. c3 Nc6 8. Bd3 Qe7 9. O-O Bxg3 10. hxg3 e5 11. dxe5 Nxe5 12. Nxe5 Qxe5 13. Nf3 Qe7 14. Nd2 Qe5 15. Nf3 Qe7 16. Nd2 Qe5 17. Nf3 1/2-1/2

[Event "10th Sharjah Cup Women 2020"]
[Site "Sharjah"]
[Date "2020.01.06"]
[Round "3.12"]
[White "Kubicka, Anna"]
[Black "Asatryan, Sona"]
[Result "1/2-1/2"]
[ECO "C92"]
[WhiteElo "2258"]
[BlackElo "2085"]
[Annotator "ChessBase"]
[PlyCount "155"]
[EventDate "2020.01.04"]
[EventType "swiss"]
[EventCountry "UAE"]
[SourceTitle "playchess.com"]
[Source "ChessBase"]
[SourceQuality "1"]
[TimeControl "5400+30"]

1. e4 e5 2. Nf3 Nc6 3. Bb5 a6 4. Ba4 Nf6 5. O-O Be7 6. Re1 b5 7. Bb3 d6 8. c3 O-O 9. h3 Nd7 10. d4 Bf6 11. Be3 Na5 12. Bc2 c5 13. Nbd2 exd4 14. cxd4 Nc6 15. e5 dxe5 16. dxe5 Ncxe5 17. Nxe5 Bxe5 18. Bxc5 Bh2+ 19. Kxh2 Nxc5 20. Kg1 g6 21. b4 Ne6 22. Bb3 Qd4 23. Ne4 Qxb4 24. Qf3 Ra7 25. Nf6+ Kg7 26. Nd5 Qh4 27. Re4 Qd8 28. Rd1 Ng5 29. Qc3+ f6 30. Rf4 Rd7 31. Re1 Bb7 32. h4 Rxd5 33. Bxd5 Qxd5 34. Re7+ Kg8 35. Rxb7 Nh3+ 36. Qxh3 Qxb7 37. Qe6+ Kg7 38. Rd4 Rf7 39. Rd8 Qe7 40. Qc8 Rf8 41. Rxf8 Qxf8 42. Qxa6 Qc5 43. g3 Qc1+ 44. Kg2 Qc5 45. Qb7+ Kg8 46. Qe4 Kg7 47. Qe6 Qc7 48. Qd5 Qb6 49. Qd7+ Kg8 50. Qe8+ Kg7 51. Qe7+ Kg8 52. h5 Qc6+ 53. Kh2 gxh5 54. a3 Qf3 55. Qe8+ Kg7 56. Qxb5 Qxa3 57. Qxh5 Qb2 58. Qf5 Qd2 59. Kg2 Qd6 60. Qg4+ Kf7 61. Qe4 Kg7 62. Kh3 Qc5 63. Qg4+ Kf7 64. Qd7+ Kg6 65. Qd3+ Kg7 66. f4 Qh5+ 67. Kg2 Qg4 68. Qe3 Qd7 69. Qe4 Qd2+ 70. Kh3 Qd1 71. Qe7+ Kg6 72. Qe4+ Kg7 73. f5 Qd7 74. Kh4 Qf7 75. Qd4 Qb7 76. Qg4+ Kf8 77. Qd1 Kg7 78. Qg4+ 1/2-1/2

[Event "10th Sharjah Cup Women 2020"]
[Site "Sharjah"]
[Date "2020.01.06"]
[Round "3.13"]
[White "Socko, Monika"]
[Black "Samaganova, Alexandra"]
[Result "1-0"]
[ECO "B41"]
[WhiteElo "2413"]
[BlackElo "2008"]
[Annotator "RC"]
[PlyCount "95"]
[EventDate "2020.01.04"]
[EventType "swiss"]
[EventCountry "UAE"]
[SourceTitle "playchess.com"]
[Source "ChessBase"]
[SourceQuality "1"]
[TimeControl "5400+30"]

1. e4 c5 2. Nf3 e6 3. d4 cxd4 4. Nxd4 a6 5. c4 Qc7 6. Nc3 Nf6 7. Qd3 d6 8. Be2 b6 9. O-O Bb7 10. f3 Nbd7 11. b3 Be7 12. Bb2 O-O 13. Rac1 Rac8 14. Kh1 Qb8 15. Qe3 Qa8 16. Rfd1 h6 17. Rc2 Bd8 18. Ba3 Bc7 19. Rcd2 Rfe8 20. Qf2 Qb8 21. Bf1 Rcd8 22. Nde2 Nf8 23. Bb2 Bc6 24. b4 e5 25. Ng3 Bd7 26. Nf5 Bxf5 27. exf5 Qb7 28. Bd3 N8h7 29. Be4 Nxe4 30. fxe4 Nf6 31. Qe2 Rc8 32. Nd5 Nxd5 33. Rxd5 Bb8 34. f6 gxf6 35. Qg4+ Kf8 36. Bc1 Ke7 37. Bxh6 Rg8 38. Bg7 Qc6 39. Rf1 Qxc4 40. Bxf6+ Kf8 41. Qf3 Qc7 42. Rd2 Qb7 43. Rdf2 Rc7 44. h4 b5 45. h5 Qc8 46. h6 Rg6 47. Qh5 Rc1 48. h7 1-0

[Event "10th Sharjah Cup Women 2020"]
[Site "Sharjah"]
[Date "2020.01.06"]
[Round "3.14"]
[White "Radeva, Viktoria"]
[Black "Dhyana Patel"]
[Result "1-0"]
[ECO "B38"]
[WhiteElo "2338"]
[BlackElo "1969"]
[Annotator "ChessBase"]
[PlyCount "71"]
[EventDate "2020.01.04"]
[EventType "swiss"]
[EventCountry "UAE"]
[SourceTitle "playchess.com"]
[Source "ChessBase"]
[SourceQuality "1"]
[TimeControl "5400+30"]

1. e4 c5 2. Nf3 Nc6 3. d4 cxd4 4. Nxd4 g6 5. c4 Bg7 6. Be3 Nf6 7. Nc3 O-O 8. Be2 d6 9. O-O Bd7 10. f3 Nxd4 11. Bxd4 Bc6 12. b4 b6 13. Qd2 Nd7 14. Bxg7 Kxg7 15. f4 Nf6 16. Qe3 Qd7 17. f5 e6 18. fxg6 hxg6 19. e5 Ng8 20. b5 Bb7 21. Rad1 Ne7 22. Rxd6 Qc7 23. Bd3 Rad8 24. Qf4 Qc5+ 25. Kh1 Nf5 26. Bxf5 exf5 27. Rfd1 Rc8 28. e6 Qxc4 29. Qe5+ Kh7 30. R6d4 f6 31. Qe3 Qxc3 32. Rd7+ Kg8 33. Qh6 Bxg2+ 34. Kxg2 Qc2+ 35. Kg1 Qc5+ 36. Kh1 1-0